Map: New Repugnancy LE

Players

Namshar

  • Race: Zerg Zerg
  • League: Grandmaster
  • Spawn Location: 1:00

ShoWTimE - Winner!

  • Race: Protoss Protoss
  • League: Grandmaster
  • Spawn Location: 7:00

Event: HomeStory Cup XIX

VOD

Have the link to the VOD?

Description

Time

  • Played on: June 28, 2019, 6:58 a.m.
  • Length: 15:06

All games in this series

Show
View Real Time Build Order
Export as new Build Order

Namshar Zerg 

Build Orders: Hatch First, Roach Hydra 

Get SALT Encoding   

  12  0:00  Drone  
  13  0:12  Overlord  
  13  0:17  Drone  
  14  0:30  Drone  
  15  0:44  Hatchery  
  15  0:48  Drone  
  15  0:52  Drone  
  15  0:55  Drone  
  17  1:00  Drone  
  18  1:09  Extractor  
  17  1:16  Spawning Pool  
  16  1:19  Drone  
  16  1:22  Drone  
  18  1:31  Drone  
  19  1:42  Drone  
  20  1:55  Overlord  
  20  2:02  Zergling x2  
  20  2:03  Queen x2  
  20  2:04  Zergling x2  
  20  2:08  Drone  
  28  2:15  Drone  
  28  2:18  Drone  
  29  2:25  Drone  
  29  2:28  Drone  
  31  2:36  Drone  
  32  2:41  Pneumatized Carapace  
  32  2:43  Queen  
  34  2:49  Hatchery  
  33  2:54  Overlord  
  33  2:56  Drone  
  33  2:58  Drone  
  35  3:03  Overlord  
  35  3:05  Drone  
  36  3:15  Drone x4  
  36  3:19  Queen  
  42  3:23  Drone  
  42  3:24  Drone  
  44  3:29  Drone x2  
  46  3:34  Lair  
  46  3:36  Drone x2  
  48  3:42  Drone  
  48  3:46  Overlord  
  49  3:49  Roach Warren  
  49  3:51  Extractor x2  
  49  3:52  Drone x2  
  48  3:59  Overlord  
  48  4:02  Drone x3  
  51  4:04  Drone  
  51  4:06  Overlord  
  52  4:29  Roach x2  
  52  4:30  Roach x5  
  66  4:32  Overseer  
  66  4:35  Roach x2  
  69  4:51  Drone x7  
  69  4:52  Drone x6  
  77  4:55  Glial Reconstitution  
  71  5:06  Overlord  
  68  5:07  Drone  
  68  5:13  Drone x2  
  68  5:14  Drone  
  71  5:17  Overseer  
  71  5:20  Drone x2  
  73  5:23  Drone  
  74  5:30  Drone x4  
  74  5:34  Drone  
  74  5:35  Drone x2  
  81  5:38  Overlord  
  81  5:40  Drone  
  82  5:49  Metabolic Boost  
  81  5:52  Drone x5, Extractor  
  81  5:55  Evolution Chamber  
  84  6:00  Roach x2  
  88  6:10  Roach x5  
  97  6:20  Overlord x3  
  92  6:33  Drone x6, Extractor  
  92  6:35  Extractor  
  96  6:44  Overlord  
  96  6:46  Zerg Missile Weapons Level 1  
  96  6:49  Drone x3  
  96  6:50  Drone  
  96  6:51  Roach x3  
  96  6:53  Ravager x4  
  110  6:58  Roach  
  112  7:01  Roach  
  112  7:02  Roach x3  
  112  7:06  Roach  
  112  7:07  Roach x2  
  112  7:08  Hydralisk Den  
  125  7:12  Drone  
  125  7:14  Overlord x2  
  126  7:22  Drone x3  
  129  7:23  Drone  
  130  7:33  Overlord  
  130  7:34  Drone x2, Overlord  
  130  7:35  Roach x4  
  130  7:36  Roach  
  142  7:37  Ravager x2  
  142  7:41  Roach  
  142  7:43  Overlord  
  142  7:44  Overlord  
  146  7:47  Grooved Spines  
  146  7:55  Drone  
  146  7:56  Ravager  
  146  7:57  Ravager x2  
  146  7:58  Roach x4  
  158  8:03  Hatchery  
  158  8:05  Ravager  
  158  8:07  Roach x2  
  158  8:08  Ravager  
  158  8:10  Ravager  
  158  8:12  Roach x2  
  166  8:17  Queen  
  168  8:21  Roach x4  
  168  8:26  Burrow  
  168  8:27  Tunneling Claws  
  176  8:29  Overlord  
  176  8:36  Baneling Nest  
  176  8:37  Drone  
  176  8:43  Zerg Melee Weapons Level 1  
  176  8:50  Overlord  
  176  8:51  Drone, Overlord x2  
  176  8:52  Drone x7  
  184  8:58  Muscular Augments  
  184  9:01  Queen  
  186  9:07  Infestation Pit  
  186  9:08  Overlord x2  
  185  9:10  Drone  
  185  9:14  Hydralisk x5  
  196  9:30  Hydralisk  
  196  9:31  Hydralisk  
  198  9:36  Extractor  
  198  9:37  Spore Crawler  
  198  9:38  Extractor  
  197  9:40  Spine Crawler  
  184  9:54  Hydralisk x10  
  184  9:57  Hatchery  
  193  10:07  Roach x10  
  193  10:13  Roach x3  
  191  10:15  Hydralisk  
  191  10:16  Hydralisk x4  
  184  10:31  Hydralisk x10  
  184  10:36  Centrifical Hooks  
  184  10:39  Hive  
  181  10:50  Zergling x14  
  181  10:54  Zergling x6  
  178  10:57  Zerg Melee Weapons Level 2  
  176  11:18  Overseer  
  172  11:19  Drone  
  172  11:21  Zergling x24, Spire  
  172  11:22  Baneling  
  172  11:23  Baneling  
  172  11:24  Baneling x3  
  169  11:33  Hydralisk, Zergling x2  
  169  11:34  Zergling x8  
  169  11:36  Baneling x5  
  174  11:44  Baneling x11  
  169  11:53  Baneling x15  
  160  11:56  Hydralisk  
  160  11:57  Zergling x2  
  160  12:09  Hydralisk x5  
  160  12:15  Hydralisk x3  
  172  12:21  Adrenal Glands  
  176  12:26  Hydralisk x2  
  176  12:27  Zergling x2  
  181  12:34  Hydralisk  
  181  12:35  Hydralisk x2, Zergling x2  
  187  12:47  Hydralisk x5  
  154  13:00  Hydralisk, Zergling x12  
  160  13:09  Greater Spire  
  160  13:13  Queen x2  
  164  13:23  Baneling  
  164  13:24  Baneling  
  164  13:26  Baneling x4  
  164  13:29  Hydralisk x2, Zergling x2  
  164  13:30  Zergling x6  
  166  13:39  Drone x3  
  166  13:40  Drone x3  
  172  13:49  Corruptor x3  
  180  14:00  Corruptor  
  174  14:04  Baneling x6  
  173  14:16  Corruptor  
  173  14:17  Corruptor x4  
  166  14:22  Hydralisk  
  166  14:23  Zergling x4  
  175  14:27  Zergling x8  
  174  14:33  Zergling x8  
  170  14:41  Baneling x4  
Show
View Real Time Build Order
Export as new Build Order

ShoWTimE Protoss - Winner!

Build Orders: 1 Gate Expand, Archon Immortal, Archon Drop, Dark Templar Rush 

Get SALT Encoding   

  12  0:00  Probe  
  13  0:12  Probe  
  14  0:17  Pylon  
  14  0:24  Probe  
  15  0:32  Probe  
  15  0:40  Probe, Gateway  
  16  0:49  Assimilator  
  17  0:51  Probe  
  18  1:03  Probe  
  19  1:15  Probe  
  20  1:25  Nexus  
  20  1:35  Cybernetics Core  
  20  1:38  Probe  
  21  1:42  Assimilator  
  21  1:50  Probe  
  21  1:52  Pylon  
  22  2:01  Stalker  
  22  2:02  Probe  
  23  2:12  Warp Gate  
  23  2:14  Probe  
  26  2:24  Twilight Council  
  26  2:26  Probe  
  27  2:34  Probe  
  29  2:38  Probe  
  31  2:45  Probe  
  31  2:46  Robotics Facility  
  31  2:48  Probe  
  32  2:56  Probe x2  
  33  3:05  Probe  
  33  3:09  Probe  
  33  3:10  Dark Shrine  
  35  3:16  Gateway  
  35  3:18  Probe, Adept  
  38  3:24  Warp Prism  
  38  3:25  Gateway  
  38  3:26  Probe  
  39  3:37  Probe  
  39  3:39  Probe  
  43  3:42  Pylon  
  43  3:45  Assimilator  
  43  3:49  Assimilator  
  43  3:50  Probe  
  43  3:53  Probe  
  45  4:00  Pylon  
  46  4:02  Probe  
  46  4:05  Probe  
  47  4:15  Probe  
  48  4:17  Probe  
  48  4:22  Dark Templar x3  
  55  4:27  Probe  
  55  4:28  Pylon  
  55  4:29  Observer  
  55  4:30  Probe  
  58  4:39  Probe  
  58  4:41  Immortal  
  58  4:42  Probe  
  60  4:51  Probe  
  60  4:52  Pylon  
  65  4:54  Probe  
  66  5:01  Sentry  
  66  5:03  Nexus  
  66  5:05  Probe  
  69  5:07  Archon  
  69  5:10  Pylon  
  69  5:13  Forge  
  69  5:14  Charge  
  69  5:20  Dark Templar  
  69  5:21  Immortal  
  69  5:23  Dark Templar  
  69  5:27  Archon  
  75  5:37  Probe  
  75  5:38  Sentry  
  75  5:39  Probe  
  79  5:44  Pylon  
  79  5:48  Protoss Ground Weapons Level 1  
  79  5:53  Probe x2  
  81  5:59  Immortal, Gateway  
  81  6:03  Gateway, Pylon  
  85  6:12  Sentry x2  
  85  6:13  Probe x2  
  91  6:26  Probe  
  91  6:28  Immortal  
  91  6:31  Probe  
  91  6:32  Gateway  
  93  6:34  Gateway  
  93  6:37  Shield Battery  
  97  6:41  Stalker  
  97  6:42  Stalker  
  101  6:48  Probe x2  
  101  6:51  Gateway  
  103  6:57  Probe, Templar Archives  
  103  6:59  Assimilator  
  103  7:00  Probe x2, Immortal  
  106  7:02  Assimilator  
  106  7:03  Pylon  
  106  7:07  Phoenix  
  106  7:13  Probe x3  
  113  7:18  Zealot x2  
  117  7:23  Robotics Facility, Pylon  
  117  7:28  Shield Battery  
  117  7:32  Photon Cannon  
  117  7:33  Pylon  
  117  7:36  Immortal  
  117  7:37  High Templar  
  117  7:38  Zealot x2, High Templar  
  117  7:43  Archon  
  129  7:47  Zealot  
  129  7:48  Zealot  
  129  7:49  Psionic Storm  
  133  7:55  Zealot x2  
  133  7:58  Protoss Ground Weapons Level 2  
  137  8:01  Photon Cannon  
  137  8:03  Pylon  
  137  8:10  High Templar  
  139  8:18  Pylon  
  139  8:19  Pylon  
  139  8:21  Immortal  
  139  8:24  Immortal  
  143  8:27  Shield Battery, High Templar  
  143  8:30  Photon Cannon  
  149  8:36  Photon Cannon  
  149  8:39  Zealot x2  
  153  8:43  Shield Battery  
  153  8:46  High Templar  
  153  8:47  Pylon  
  155  8:51  Immortal  
  155  8:53  Probe  
  156  8:59  High Templar  
  162  9:05  Pylon  
  162  9:07  Nexus  
  162  9:11  Pylon  
  160  9:18  Immortal  
  164  9:28  Zealot x4  
  172  9:36  Zealot x4  
  174  9:49  Observer  
  165  9:55  Zealot x3  
  165  9:56  Zealot  
  165  9:57  Observer  
  168  10:02  Photon Cannon  
  168  10:04  Zealot x3  
  174  10:13  Protoss Ground Weapons Level 3  
  166  10:22  Stargate  
  166  10:25  Zealot x4  
  174  10:29  Observer  
  174  10:35  Probe x3  
  177  10:38  Photon Cannon  
  177  10:41  Photon Cannon  
  177  10:43  Zealot x4  
  185  10:52  High Templar  
  185  10:53  High Templar x3  
  185  10:55  Photon Cannon  
  185  10:56  Probe  
  185  10:57  Shield Battery, Archon, Oracle  
  194  10:58  Archon  
  194  11:01  Assimilator  
  195  11:16  Zealot x4  
  197  11:23  Fleet Beacon  
  197  11:25  Stargate  
  169  11:35  High Templar x4  
  169  11:37  Zealot x4  
  183  11:42  Immortal  
  183  11:44  Observer  
  188  11:50  Assimilator  
  182  11:57  Zealot x4  
  190  12:08  High Templar x3  
  192  12:14  Tempest  
  195  12:16  Tempest  
  200  12:28  Protoss Air Weapons Level 1  
  200  12:34  Stargate  
  199  12:45  Archon  
  199  12:48  Mothership  
  197  12:55  Zealot x5  
  161  13:00  Nexus  
  161  13:01  High Templar x3  
  161  13:02  Pylon  
  170  13:16  High Templar  
  170  13:20  High Templar  
  170  13:21  Zealot x2  
  170  13:22  Zealot  
  175  13:30  Photon Cannon  
  175  13:32  Photon Cannon  
  171  13:34  Shield Battery  
  171  13:35  Observer  
  171  13:37  Photon Cannon  
  171  13:38  Assimilator, High Templar x2  
  171  13:40  Assimilator  
  170  13:48  Zealot x4  
  170  13:49  Probe x3  
  170  13:51  Zealot  
  170  13:52  Zealot  
  185  13:59  Tempest x2  
  185  14:01  Probe  
  192  14:09  Zealot x2  
  196  14:15  Zealot x6  
  192  14:39  Zealot x4  
  192  14:42  Dark Shrine  
  189  15:05  Zealot x4  
Tags
 
Add a new tag
Caveats
  • Supply blocks, unpowered buildings, or Contaminate may cause inaccurate times.
  • Supply counts are checked every 10 seconds.